 Dungeon Crawl Stone Soup version 0.25.1-2-g60ff931df9 (webtiles) character file.

Game seed: 9026062903770716640

67554 Peloso the Fencer (level 14, -5/130 HPs)
             Began as a Minotaur Fighter on Aug 15, 2020.
             Was the Champion of Okawaru.
             Killed from afar by a starcursed mass (9 damage)
             ... with an accursed screaming
             ... on level 2 of the Abyss.
             The game lasted 00:58:40 (23983 turns).

Peloso the Fencer (Minotaur Fighter)               Turns: 23983, Time: 00:58:40

Health: -5/130     AC: 29    Str: 22    XL:     14   Next: 83%
Magic:  14/14      EV:  9    Int:  9    God:    Okawaru [******]
Gold:   2276       SH: 14    Dex: 10    Spells: 13/13 levels left

rFire    . . .     SeeInvis .   a - +8 demon blade "Goonwob" {drain, MR+ Str-2 Int+7}
rCold    + . .     Gourm    .   M - +0 kite shield
rNeg     . . .     Faith    .   m - +7 plate armour of the Everdark {MR++ Int-3}
rPois    .         Spirit   .   (helmet restricted)
rElec    .         Reflect  .   n - +1 cloak
rCorr    .         Harm     .   (no gloves)
MR       +++++                  O - +2 pair of boots {Fly}
Stlth    ..........             (no amulet)
HPRegen  0.00/turn              X - ring of protection from magic
MPRegen  0.14/turn              D - ring of protection from cold

@: about to teleport, flying, non-regenerating, diseased
A: retaliatory headbutt, horns 2, [clumsy 1], [screaming 2], [no potion heal 2],
[subdued magic 1]
a: Heroism, Finesse, Renounce Religion, Stop Flying


You were on level 2 of the Abyss.
You worshipped Okawaru.
Okawaru was exalted by your worship.
You were not hungry.

You visited 4 branches of the dungeon, and saw 20 of its levels.
You visited the Abyss 1 time.
You also visited: Sewer and Bailey.

You collected 2306 gold pieces.
You spent 30 gold pieces at shops.

Inventory:

Hand Weapons
 a - the +8 demon blade "Goonwob" (weapon) {drain, MR+ Str-2 Int+7}
   (Okawaru gifted it to you on level 10 of the Dungeon)

   A truly terrible weapon, it drains the life of those it strikes.
   It affects your strength (-2).
   It affects your intelligence (+7).
   It affects your resistance to hostile enchantments.
 b - the +1 whip of Ylussief {flame, rF+ Str+4 Stlth+}
   (You found it in a bailey)

   It has been specially enchanted to burn those struck by it, causing extra
   injury to most foes and up to half again as much damage against particularly
   susceptible opponents.
   It affects your strength (+4).
   It protects you from fire.
   It makes you more stealthy.
 y - a +0 hand crossbow
Missiles
 z - 155 bolts
Armour
 c - the -5 kite shield of Calculation {rF+ rC+ rN+}
   (Okawaru gifted it to you on level 11 of the Dungeon)

   It protects you from fire.
   It protects you from cold.
   It protects you from negative energy.
 m - the +7 plate armour of the Everdark (worn) {MR++ Int-3}
   (You found it on level 12 of the Dungeon)

   It affects your intelligence (-3).
   It affects your resistance to hostile enchantments.
 n - a +1 cloak (worn)
 o - a +2 scale mail of cold resistance
 p - the +1 scale mail of Ranwug {+Blink +Fly rPois rCorr, unknown}
   (Okawaru gifted it to you on level 2 of the Abyss)

   It protects you from poison.
   It lets you fly.
   It lets you blink.
   It provides partial protection from all sources of acid and corrosion.
 M - a +0 kite shield (worn)
 O - a +2 pair of boots of flying (worn)
 R - a +3 plate armour of poison resistance
Jewellery
 l - a +4 ring of protection
 D - a ring of protection from cold (right hand)
 X - a ring of protection from magic (left hand)
Wands
 g - a wand of acid (5)
 q - a wand of digging (2)
 C - a wand of paralysis (13)
Scrolls
 e - 3 scrolls of enchant armour {unknown}
 h - a scroll of identify
 i - 13 scrolls of teleportation
 j - 11 scrolls of remove curse
 k - 4 scrolls of blinking {unknown}
 x - 5 scrolls of amnesia {unknown}
 E - a scroll of noise
 H - 2 scrolls of fear
 K - 4 scrolls of magic mapping
 Q - a scroll of fog
 V - a scroll of vulnerability {unknown}
 W - a scroll of holy word {unknown}
Potions
 d - 2 potions of might
 s - a potion of resistance
 t - 4 potions of stabbing
 u - 2 potions of heal wounds
 v - 5 potions of curing
Comestibles
 f - 40 rations


   Skills:
 + Level 13.9 Fighting
 + Level 16.1 Long Blades
 + Level 3.6 Maces & Flails
 + Level 3.8 Crossbows
 + Level 13.4 Armour
 + Level 5.3 Dodging
 + Level 1.9 Stealth
 + Level 16.1 Shields
 + Level 0.1 Unarmed Combat
 + Level 1.3 Invocations
 + Level 1.6 Evocations


You had 13 spell levels left.
You didn't know any spells.
Your spell library contained the following spells:

 Spells                   Type           Power        Failure   Level  Hunger
 Beastly Appendage        Tmut           #.....       99%         1    ##.....
 Sticks to Snakes         Tmut           #.......     99%         2    ###....
 Confusing Touch          Hex            #.......     100%        3    ####...
 Gell's Gravitas          Tloc           #.........   100%        3    ####...
 Spider Form              Tmut/Pois      #.........   100%        3    ####...
 Fulminant Prism          Conj/Hex       #.........   100%        4    #####..
 Ice Form                 Ice/Tmut       #.......     100%        4    #####..
 Petrify                  Tmut/Erth      #.......     100%        4    #####..
 Blade Hands              Tmut           #.........   100%        5    ######.
 Metabolic Englaciation   Hex/Ice        #.........   100%        5    ######.
 Yara's Violent Unravell  Hex/Tmut       #.........   100%        5    ######.
 Starburst                Conj/Fire      #.........   100%        6    #######
 Orb of Destruction       Conj           #.........   100%        7    #######


Dungeon Overview and Level Annotations

Branches:
Dungeon (12/15)            Temple (1/1) D:6            Lair (6/6) D:9
 Shoals (0/4) Lair:3        Snake (0/4) Lair:3        Slime (0/5) Lair:6
    Orc (1/2) D:11          Sewer (visited)          Bailey (visited)

Altars:
Ashenzari
Cheibriados
Dithmenos
Elyvilon
Fedhas
Gozag
Hepliaklqana
Kikubaaqudgha
Makhleb
Nemelex Xobeh
Okawaru
Qazlal
Ru
Sif Muna
Trog
Uskayaw
Vehumet
Wu Jian
Xom
Zin
The Shining One

Shops:
D:10 }   D:11 =   D:12 *

Annotations:
D:10 casa
Lair:2 exclusion: 4 oklob plants


Innate Abilities, Weirdness & Mutations

You reflexively headbutt those who attack you in melee.
You have a pair of horns on your head.
[You are clumsy. (Dex -2)]
[You sometimes yell uncontrollably at your foes.]
[Potions are poor at restoring your health.]
[Your spells are a little easier to cast, but a little less powerful.]


Message History

Okawaru accepts your kill.
Unknown command.
You slice the starcursed mass!!
The starcursed mass is heavily damaged.
The starcursed mass shudders and is absorbed by its neighbour.
A starcursed mass splits.
Unknown command.
You hit the starcursed mass but do no damage.
You headbutt the starcursed mass.
The starcursed mass is heavily damaged.
The starcursed mass shudders and is absorbed by its neighbour.
Unknown command.
You block the starcursed mass's attack.
The starcursed mass engulfs you but does no damage.
Unknown command.
You hit the starcursed mass but do no damage.
You headbutt the starcursed mass, but do no damage.
The starcursed mass is moderately damaged.
A chorus of shrieks assaults your mind.
You die...

#..#......#.. .
#...#.......... ).
.#..#.#...... .. .
..# ............ .
#...##....#......
...
##.......#.........
#......†#.......#
... .
##.##.#........ #
.. #..@##.#.......
#.. #†..XX.##.# .#.
# #.....##...#..
.h......... .### .
# ......#..#


#XX . . ...#...##%#.# XX #. #.###### . . # . .#. ...#.# ### #. . You could see 2
starcursed masses.

Vanquished Creatures
  Jorgrun (D:11)
  Nessos (Lair:6)
  Snorg (Lair:3)
  5 hydras
  A catoblepas (Lair:5)
  A merfolk avatar (Lair:6)
  3 two-headed ogres
  6 death yaks (Lair:4)
  Sonja (Orc:1)
  2 thrashing horrors (Abyss:2)
  A wretched star (Abyss:2)
  The ghost of Jujuru the Basher, a novice DsFi (D:7)
  5 unseen horrors
  A deep elf mage (D:12)
  An orc knight (Orc:1)
  2 orc sorcerers (Orc:1)
  2 manticores
  2 cyclopes (D:11)
  2 ugly things (D:11)
  2 black mambas
  2 elephants (Lair:6)
  2 centaur zombies
  A merfolk siren (Lair:3)
  2 gargoyles (D:10)
  9 spiny frogs
  4 rime drakes (Lair:6)
  9 komodo dragons
  An ancient zyme (Abyss:2)
  7 trolls
  2 wind drakes (Lair:6)
  5 hornets
  5 polar bears
  Prince Ribbit (D:9)
  5 dream sheep (Lair:6)
  17 blink frogs
  3 raiju (Abyss:2)
  2 slime creatures (Lair:6)
  16 hippogriffs
  4 wyverns
  Grum (D:9)
  36 yaks
  A basilisk (Lair:2)
  A steam dragon (D:12)
  2 hungry ghosts
  A warg (D:11)
  Menkaure (D:7)
  3 soldier ants
  3 nagas (Lair:3)
  16 water moccasins
  7 porcupines
  5 ice beasts
  31 orc warriors
  4 sky beasts
  2 black bears
  2 necrophages (D:7)
  8 ogres
  3 phantoms
  16 wolves
  13 centaurs
  13 crocodiles
  19 bullfrogs
  4 big kobolds
  8 scorpions
  17 killer bees
  A wight (D:11)
  3 electric eels (D:9)
  2 howler monkeys
  A bullfrog zombie (D:9)
  6 crimson imps
  5 jellies
  2 starcursed masses (Abyss:2)
  2 centaur skeletons
  14 orc priests
  Crazy Yiuf (D:7)
  2 bullfrog skeletons
  8 hounds
  2 iguanas
  Ijyb (D:3)
  23 orc wizards
  5 worker ants
  5 hound skeletons
  A worker ant zombie (D:7)
  2 howler monkey skeletons (D:4)
  20 adders
  5 river rats
  A shadow imp (D:8)
  An ooze (Sewer)
  An adder zombie (D:5)
  An adder skeleton (D:9)
  4 worms
  A dart slug (D:2)
  5 leopard geckos
  93 orcs
  7 bats
  5 giant cockroaches
  10 goblins
  12 hobgoblins
  18 jackals
  4 quokkas
  2 ball pythons
  8 frilled lizards
  2 jackal skeletons
  36 kobolds
  30 rats
707 creatures vanquished.

Vanquished Creatures (others)
  6 fungi
  8 plants
14 creatures vanquished.

Grand Total: 721 creatures vanquished

Notes
Turn   | Place    | Note
-------+----------+-------------------------------------------
     0 | D:1      | Peloso the Minotaur Fighter began the quest for the Orb.
     0 | D:1      | Reached XP level 1. HP: 19/19 MP: 0/0
   228 | D:1      | Reached XP level 2. HP: 27/27 MP: 1/1
   700 | D:2      | Reached XP level 3. HP: 22/33 MP: 2/2
  1404 | D:2      | Reached XP level 4. HP: 40/40 MP: 3/3
  1866 | D:3      | Found a glowing silver altar of Zin.
  1882 | D:3      | Noticed Ijyb
  1916 | D:3      | Killed Ijyb
  2028 | D:3      | Found a hide-covered altar of Uskayaw.
  2051 | D:3      | Reached skill level 1 in Dodging
  2285 | D:3      | You fall into a shaft and drop 3 floors!
  2305 | D:6      | Found a white marble altar of Elyvilon.
  2515 | D:6      | Reached XP level 5. HP: 43/46 MP: 4/4
  3010 | D:6      | Found a snail-covered altar of Cheibriados.
  3046 | D:6      | Found a shattered altar of Ashenzari.
  3115 | D:6      | Reached skill level 5 in Armour
  3239 | D:6      | Found a staircase to the Ecumenical Temple.
  3245 | Temple   | Entered the Ecumenical Temple
  3385 | Temple   | Became a worshipper of Warmaster Okawaru
  3465 | D:6      | Reached skill level 5 in Long Blades
  3465 | D:6      | Reached XP level 6. HP: 35/53 MP: 5/5
  3778 | D:5      | Entered Level 5 of the Dungeon
  3834 | D:5      | Found a glowing drain.
  3856 | Sewer    | Entered a sewer
  4210 | Sewer    | Reached skill level 5 in Shields
  4269 | Sewer    | Reached XP level 7. HP: 32/60 MP: 6/6
  4616 | D:5      | Reached * piety under Okawaru
  4825 | D:5      | Reached skill level 5 in Fighting
  5276 | D:5      | Reached ** piety under Okawaru
  5315 | D:6      | Reached XP level 8. HP: 69/69 MP: 7/7
  6051 | D:4      | Found an ancient bone altar of Kikubaaqudgha.
  6138 | D:4      | Found a glowing golden altar of the Shining One.
  7314 | D:3      | Found an opulent altar of Gozag.
  7564 | D:7      | Reached *** piety under Okawaru
  7629 | D:7      | Noticed a hippogriff
  7633 | D:7      | Noticed Jujuru's ghost (novice DsFi)
  7636 | D:7      | Killed a hippogriff
  7636 | D:7      | Reached XP level 9. HP: 67/74 MP: 8/8
  7667 | D:7      | Found a transporter.
  7878 | D:7      | Found a transporter.
  7890 | D:7      | Noticed Menkaure
  7897 | D:7      | Killed Menkaure
  8013 | D:7      | Found a runed translucent door.
  8014 | D:7      | Noticed Crazy Yiuf
  8023 | D:7      | Killed Crazy Yiuf
  8139 | D:7      | Reached **** piety under Okawaru
  8548 | D:8      | Reached skill level 10 in Long Blades
  9092 | D:8      | Found a hazy altar of Hepliaklqana.
  9093 | D:8      | Found a shadowy altar of Dithmenos.
  9435 | D:9      | Noticed a troll
  9453 | D:9      | Killed a troll
  9453 | D:9      | Reached XP level 10. HP: 42/85 MP: 9/9
  9505 | D:9      | Reached ***** piety under Okawaru
  9773 | D:9      | Found a burning altar of Makhleb.
  9833 | D:9      | Noticed Prince Ribbit
  9908 | D:9      | Found a shimmering blue altar of Sif Muna.
  9947 | D:9      | Killed Prince Ribbit
 10003 | D:10     | Entered Level 10 of the Dungeon
 10026 | D:10     | Noticed a two-headed ogre
 10030 | D:10     | Reached skill level 1 in Stealth
 10039 | D:10     | Killed a two-headed ogre
 10060 | D:10     | Reached skill level 10 in Shields
 10217 | D:10     | Received a gift from Okawaru
 10289 | D:10     | Reached skill level 5 in Dodging
 10309 | D:10     | Found Iwiphium's Gadget Shoppe.
 10359 | D:10     | Found a flagged portal.
 10368 | Bailey   | Entered a bailey
 10640 | Bailey   | Reached skill level 1 in Crossbows
 10890 | Bailey   | Reached XP level 11. HP: 34/94 MP: 8/10
 10921 | Bailey   | Got a smoking whip
 10922 | Bailey   | Identified the +1 whip of Ylussief {flame, rF+ Str+4
                  | Stlth+} (You found it in a bailey)
 11888 | D:10     | Found a glowing golden altar of the Shining One.
 12016 | D:10     | Received a gift from Okawaru
 12044 | D:10     | Got an encrusted demon blade {god gift}
 12045 | D:10     | Identified the +8 demon blade "Goonwob" {drain, MR+ Str-2
                  | Int+7} (Okawaru gifted it to you on level 10 of the
                  | Dungeon)
 12438 | D:11     | Reached skill level 1 in Invocations
 12641 | D:11     | Found Connutach's Jewellery Shoppe.
 12656 | D:11     | Found a white marble altar of Elyvilon.
 12754 | D:11     | Found a staircase to the Orcish Mines.
 12768 | D:11     | Noticed a two-headed ogre
 12776 | D:11     | Reached skill level 10 in Armour
 12787 | D:11     | Killed a two-headed ogre
 13163 | D:11     | Received a gift from Okawaru
 13174 | D:11     | Got a heavily runed kite shield {god gift}
 13180 | D:11     | Identified the -5 kite shield of Calculation {rF+ rC+ rN+}
                  | (Okawaru gifted it to you on level 11 of the Dungeon)
 13346 | D:11     | Killed an unseen horror
 13369 | D:11     | Noticed a red ugly thing
 13380 | D:11     | Killed an unseen horror
 13393 | D:11     | Reached XP level 12. HP: 105/105 MP: 11/11
 13449 | D:11     | Reached ****** piety under Okawaru
 13494 | D:11     | Noticed a seven-headed hydra
 13505 | D:11     | Killed a seven-headed hydra
 13505 | D:11     | Reached skill level 10 in Fighting
 13643 | D:11     | Reached skill level 1 in Maces & Flails
 13917 | D:9      | Noticed Grum
 13934 | D:9      | Killed Grum
 14092 | D:9      | Noticed a two-headed ogre
 14101 | D:9      | Killed a two-headed ogre
 14109 | D:9      | Received a gift from Okawaru
 14184 | D:9      | Found a staircase to the Lair.
 14676 | Lair:1   | Entered Level 1 of the Lair of Beasts
 15441 | Lair:1   | Reached skill level 1 in Evocations
 15618 | Lair:2   | Noticed a five-headed hydra
 15637 | Lair:2   | Killed a five-headed hydra
 15798 | Lair:2   | Noticed an eight-headed hydra
 15810 | Lair:2   | Killed an eight-headed hydra
 16367 | Lair:2   | Reached XP level 13. HP: 113/116 MP: 12/12
 16600 | Lair:3   | Noticed Snorg
 16617 | Lair:3   | Killed Snorg
 17011 | Lair:3   | Found a staircase to the Snake Pit.
 17185 | Lair:3   | Found a staircase to the Shoals.
 17493 | D:12     | Received a gift from Okawaru
 17617 | D:12     | Reached skill level 15 in Long Blades
 17709 | D:12     | Found Kiepokk's General Store.
 18069 | D:12     | Bought a scroll of fog for 30 gold pieces
 18221 | D:12     | Got a scorched plate armour
 18232 | D:12     | Identified the +7 plate armour of the Everdark {MR++ Int-3}
                  | (You found it on level 12 of the Dungeon)
 18486 | D:7      | Killed Jujuru's ghost
 18741 | Lair:4   | Received a gift from Okawaru
 20209 | Lair:5   | Reached XP level 14. HP: 129/129 MP: 13/13
 20667 | Lair:5   | You are sucked into a shaft and drop 1 floor!
 20667 | Lair:6   | Entered Level 6 of the Lair of Beasts
 20683 | Lair:6   | Received a gift from Okawaru
 20841 | Lair:6   | Got a transparent falchion {god gift}
 20842 | Lair:6   | Identified the +0 falchion of the Abyss {antimagic, MP-9
                  | Int+6 Dex+3} (Okawaru gifted it to you on level 6 of the
                  | Lair of Beasts)
 21036 | Lair:6   | Found a staircase to the Slime Pits.
 21049 | Lair:6   | Reached skill level 15 in Shields
 21708 | Lair:6   | Received a gift from Okawaru
 21747 | Lair:6   | Found the +6 Majin-Bo {vamp, Archmagi MP+6 Int+6}
 22226 | Lair:6   | Identified the Compendium of Confrontation
 22569 | Lair:6   | Noticed Nessos
 22582 | Lair:6   | Killed Nessos
 23262 | Orc:1    | Entered Level 1 of the Orcish Mines
 23272 | Orc:1    | Noticed Sonja
 23295 | Orc:1    | Killed Sonja
 23456 | Orc:1    | Noticed an orc warlord
 23488 | Orc:1    | Noticed Jorgrun
 23546 | D:11     | Killed Jorgrun
 23876 | D:11     | Cast into level 2 of the Abyss (orc warlord)
 23925 | Abyss:2  | Noticed a starcursed mass
 23934 | Abyss:2  | Found a corrupted altar of Lugonu.
 23946 | Abyss:2  | Received a gift from Okawaru
 23956 | Abyss:2  | Got a jewelled scale mail {god gift}
 23974 | Abyss:2  | HP: 4/130 [starcursed mass/accursed screaming (13)]
 23983 | Abyss:2  | Killed from afar by a starcursed mass

Illustrated notes

Levels and vault maps discovered:
D:1:      lightli_arrival_flooded_house, layout_basic
D:2:      minmay_wonky_spiral, layout_basic, kennysheep_decorative_pillar
D:3:      layout_loops_ring, grunt_gozag_breadcrumbs, old_standard_altar,
          lemuel_round_altar, first_ration, kennysheep_nondescript,
          minmay_misc_feat_nine_boxes, uniq_ijyb
D:4:      layout_basic, kennysheep_mini, kiku_gazebo_garden_becter
D:5:      layout_cave_pools, cheibrodos_sewer_entry_sluice
D:6:      layout_layer_cave, nicolae_overflow_crystal_walls,
          kennysheep_little_box, nicolae_ashenzari_panopticon,
          minmay_temple_entry_statues, minmay_misc_feat_pillars
D:7:      layout_loops_ring, gammafunk_ghost_hive, uniq_crazy_yiuf_cottage,
          uniq_menkaure
D:8:      layout_rooms, riverfiend_overflow_shadow_ancestor
D:9:      minmay_thinvault, layout_rooms, overflow_temple_1_default,
          nicolae_overflow_hidden_temple, erik_lair_island, uniq_prince_ribbit1,
          uniq_grum
D:10:     layout_gridville, enter_bailey_2, basic_altar, serial_shops, shop,
          hangedman_pestilent_swarm, minivault_25
D:11:     minmay_polygon_palace, layout_basic, david_orc_3, serial_shops, shop,
          special_room [special_room_orc], dk_vineyard_3, elyvilon_altar_3
D:12:     layout_loops_cross, serial_shops, nicolae_shop_window_shopping,
          due_unseen_surprise
Temple:   dpeg_chambers_temple
Lair:1:   layout_regular_city, st_stairs_11, grunt_megastairs_1,
          lemuel_fruit_fields
Lair:2:   layout_regular_city, minmay_lair_oklob_chamber
Lair:3:   layout_chaotic_city, minmay_shoals_entry_lonely_mermaid,
          guppyfry_snake_entry_island, uniq_snorg
Lair:4:   layout_layer_cave, st_stairs_11, minmay_stone_trees_medium,
          grunt_megastairs_5, lemuel_fruit_tree
Lair:5:   layout_cave_pods
Lair:6:   gammafunk_lair_ancient_temple, layout_gridlike,
          minmay_slime_entry_pillars, serial_bayou_pond_d, uniq_nessos
Orc:1:    layout_diamond_mine, serial_shops, nicolae_shop_waterfront,
          uniq_sonja, uniq_jorgrun
Abyss:2:  base: Temple, guppyfry_abyss_exit_imp_island

Skill      XL: |  1  2  3  4  5  6  7  8  9 10 11 12 13 14 |
---------------+-------------------------------------------+-----
Fighting       | 4 5 6 7 9 11 13 | 13.9
Shields        | 4 5 6 7 9 10 12 13 14 16 | 16.1
Long Blades    | 3 4 5 6 7 9 10 12 13 14 15 16 | 16.1
Armour         | 4 5 7 8 9 10 11 12 13 | 13.4
Dodging        | 1 2 3 5 |  5.3
Stealth        | 1 |  1.9
Crossbows      | 1 3 |  3.8
Invocations    | 1 |  1.3
Maces & Flails | 2 3 |  3.6
Evocations     | 1 |  1.6
Unarmed Combat | |  0.1

Action                   |  1- 3 |  4- 6 |  7- 9 | 10-12 | 13-15 || total
-------------------------+-------+-------+-------+-------+-------++-------
Melee: Long sword        |    89 |   232 |   383 |   311 |       ||  1015
       Headbutt          |    14 |    41 |   101 |   164 |   143 ||   463
       Unarmed           |       |    10 |       |       |       ||    10
       Demon blade       |       |       |       |   442 |   678 ||  1120
       Whip              |       |       |       |    23 |    20 ||    43
 Fire: Hand crossbow     |       |       |       |    64 |       ||    64
Invok: Heroism           |       |       |       |    14 |     7 ||    21
Evoke: Wand              |       |       |       |     7 |     9 ||    16
  Use: Potion            |     1 |       |     1 |     5 |     3 ||    10
       Scroll            |       |     2 |     7 |     4 |     9 ||    22
 Stab: Paralysed         |       |       |       |     2 |     3 ||     5
  Eat: Chunk             |     2 |     9 |    17 |    19 |    19 ||    66
       Ration            |       |       |       |     1 |     2 ||     3
Armor: Scale mail        |    52 |    12 |    49 |    97 |       ||   210
       Chain mail        |       |   129 |   140 |       |       ||   269
       Skin              |       |     5 |       |       |       ||     5
       Crystal plate arm |       |       |       |   300 |   121 ||   421
       Plate armour      |       |       |       |       |   267 ||   267
Dodge: Dodged            |    35 |    79 |   119 |   225 |   191 ||   649
Block: Kite shield       |    45 |   140 |   220 |   549 |   475 ||  1429
       Rpst.: Long sword |    14 |    18 |    29 |    29 |       ||    90
       Demon blade       |       |       |       |    13 |    48 ||    61
